 Dungeon Crawl Stone Soup version 0.18-a0-659-gb9673d2 (webtiles) character file.

56 4thArraOfDagon the Stinger (level 3, -2/28 HPs)
             Began as a Naga Venom Mage on Dec 5, 2015.
             Killed from afar by an orc wizard (8 damage)
             ... with a magic dart
             ... on level 4 of the Dungeon.
             The game lasted 00:03:37 (517 turns).

4thArraOfDagon the Stinger (Naga Venom Mage)         Turns: 517, Time: 00:03:37

Health: -2/28      AC:  4    Str: 10    XL:     3   Next: 97%
Magic:  3/6        EV: 13    Int: 16    God:
Gold:   0          SH:  0    Dex: 16    Spells: 3 memorised, 0 levels left

rFire  . . .     SeeInvis +     (no weapon)
rCold  . . .     Clarity  .     e - +0 ring mail
rNeg   . . .     SustAt   +     (no shield)
rPois  +         Gourm    .     (no helmet)
rElec  .         Spirit   .     (no cloak)
rCorr  .         Dismiss  .     i - +0 pair of gloves
rMut   .         Stasis   .     (no barding)
MR     .....                    (no amulet)
Stlth  ++........               (no ring)
                                f - ring of sustain attributes

@: confused, agile, very slow, not resistant to hostile enchantments, unstealthy
A: see invisible, deformed body, poison resistance, slowness 2, slow metabolism
1, spit poison 2, AC +1
a: Spit Poison


You were on level 4 of the Dungeon.
You were not hungry.

You visited 1 branch of the dungeon, and saw 5 of its levels.

Inventory:

Armour
 e - a +0 ring mail (worn)
 i - a +0 pair of gloves (worn)
Jewellery
 f - a ring of sustain attributes (left hand)
Scrolls
 d - 2 scrolls of identify {unknown}
 j - a scroll of enchant armour {unknown}
Books
 b - a Young Poisoner's Handbook

   Spells                             Type                      Level
   a - Sting                          Conjuration/Poison           1
   b - Cure Poison                    Poison                       2
   c - Mephitic Cloud                 Conjuration/Poison/Air       3
   d - Olgreb's Toxic Radiance        Poison                       4
   e - Venom Bolt                     Conjuration/Poison           5
Comestibles
 a - a slice of pizza
 c - 2 bread rations
 g - 2 chunks of flesh


   Skills:
 - Level 1.5 Dodging
 - Level 3.0 Stealth
 - Level 2.0 Spellcasting
 * Level 2.0 Conjurations
 * Level 6.4 Poison Magic


You couldn't memorise any spells.
You knew the following spells:

 Your Spells              Type           Power        Failure   Level  Hunger
a - Sting                 Conj/Pois      ###.         12%         1    #......
b - Cure Poison           Pois           ###.......   10%         2    ###....
c - Mephitic Cloud        Conj/Pois/Air  ##......     61%         3    ###....


Dungeon Overview and Level Annotations

Branches:
Dungeon (5/15)
 Temple: D:4-7

Altars:

Annotations:
D:3 Grinder


Innate Abilities, Weirdness & Mutations

You cannot wear boots.
Your serpentine skin is tough (AC +1).
You have supernaturally acute eyesight.
Armour fits poorly on your strangely shaped body.
Your system is resistant to poisons.
You cover ground very slowly.
You have a slow metabolism.
You can spit poison.


Message History

The orc wizard points at you and mumbles some strange words.
The puff of flame hits you!
* * * LOW HITPOINT WARNING * * *
Casting: Sting
Confirm with . or Enter, or press ? or * to list all spells.
Aiming: Sting
Press: ? - help, Shift-Dir - straight line, f/p - orc wizard
Aim: an orc wizard, wielding a dagger and wearing a robe (lightly wounded)
The sting hits the orc wizard.
The orc wizard appears unharmed.
The orc wizard is lightly wounded.
The orc wizard points at you and mumbles some strange words.
You are confused.
Drink which item? (? for menu, Esc to quit)
It was a potion of agility.
You feel agile all of a sudden.
You have got your breath back.
You bump into the rock wall.
The orc wizard casts a spell at you. The magic dart hits you!
You die...

###############
#(...........<#
#.#############
#†#
#.###############
#(.....@..o......
#..#########.....
#..# ... #..# .
####..## #......#
#......#
#......#.# .
#.....(#.# .


You could see an orc wizard.

Vanquished Creatures
  4 adders
  An orc (D:3)
  3 bats (D:1)
  2 giant cockroaches
  A hobgoblin (D:2)
  2 quokkas
  A giant newt (D:1)
  4 goblins
  A kobold (D:1)
  4 rats
23 creatures vanquished.

Notes
Turn   | Place    | Note
--------------------------------------------------------------
     0 | D:1      | 4thArraOfDagon the Naga Venom Mage began the quest for the Orb.
     0 | D:1      | Reached XP level 1. HP: 15/15 MP: 3/3
   117 | D:2      | Reached XP level 2. HP: 22/22 MP: 3/5
   122 | D:2      | Reached skill level 1 in Conjurations
   225 | D:3      | Noticed Grinder
   274 | D:3      | Learned a level 2 spell: Cure Poison
   296 | D:3      | Reached skill level 6 in Poison Magic
   328 | D:3      | Reached XP level 3. HP: 19/28 MP: 3/6
   338 | D:3      | Learned a level 3 spell: Mephitic Cloud
   417 | D:5      | Entered Level 5 of the Dungeon
   517 | D:4      | Killed from afar by an orc wizard

Vault maps used:
D:1:      shiori_arrival_elements
D:3:      st_stairs_6, uniq_grinder
D:4:      first_bread, serial_shops, shop, uniq_robin, uniq_menkaure,
          uniq_duvessa

Action                   || total
-------------------------++-------
Melee: Unarmed           ||    30
 Cast: Sting             ||    27
       Cure Poison       ||     1
 Abil: Spit Poison       ||    16
  Use: Scroll            ||     1
       Potion            ||     1
